 Dungeon Crawl Stone Soup version 0.27.1 (webtiles) character file.

Game seed: 2763993410893721446

2 Descartes the Chiller (level 1, 0/9 HPs)
             Began as a Felid Wanderer on Aug 30, 2021.
             Slain by a goblin (3 damage)
             ... on level 1 of the Dungeon.
             The game lasted 00:00:31 (170 turns).

Descartes the Chiller (Felid Wanderer)               Turns: 170, Time: 00:00:32

Health: 0/9        AC:  1    Str:  6    XL:     1   Next: 33%
Magic:  3/3        EV: 16    Int: 13    God:
Gold:   10         SH:  0    Dex: 17    Spells: 2/2 levels left
                                        Lives:  0   Deaths: 0

rFire    . . .     SeeInvis +     - Unarmed
rCold    . . .     Faith    .   (shield unavailable)
rNeg     . . .     Spirit   .   (armour unavailable)
rPois    .         Reflect  .   (helmet unavailable)
rElec    .         Harm     .   (cloak unavailable)
rCorr    .         Rampage  .   (gloves unavailable)
Will     .....                  (boots unavailable)
Stlth    ++........             (no amulet)
HPRegen  0.03/turn              (no ring)
MPRegen  0.08/turn              (no ring)

@: quick
A: very small, claws 1, fangs 3, see invisible, speed 1, shaggy fur 1, stealthy
paws, no weapons or thrown items, no armour, multi-lived
a: no special abilities


You were on level 1 of the Dungeon.
You visited 1 branch of the dungeon, and saw 1 of its levels.

You collected 10 gold pieces.

Inventory:

Scrolls
 b - a scroll of fear
Potions
 a - a potion of berserk rage
 c - 2 potions of lignification


   Skills:
 - Level 2.0 Fighting
 + Level 0.6 Dodging
 + Level 1.7 Stealth
 - Level 1.0 Unarmed Combat
 - Level 1.0 Spellcasting
 - Level 3.6 Ice Magic
 - Level 1.1 Evocations


You had 2 spell levels left.
You didn't know any spells.
Your spell library was empty.

Dungeon Overview and Level Annotations

Branches:
Dungeon (1/15)

Altars:


Innate Abilities, Weirdness & Mutations

You have sharp claws.
You have razor-sharp teeth.
You have supernaturally acute eyesight. (SInv)
You cover ground quickly. (Speed+)
You are covered in fur. (AC +1)
Your paws help you pounce on unaware monsters.
You are incapable of wielding weapons or throwing items.
You cannot wear armour.
You gain extra lives every three experience levels.


Message History

Found a pair of gloves.
The hobgoblin hits you.
You scratch the hobgoblin but do no damage.
A goblin opens the door.
The hobgoblin hits you.
You are too injured to fight recklessly!
You are too injured to fight recklessly!
You are too injured to fight recklessly!
You are too injured to fight recklessly!
You are too injured to fight recklessly!
You are too injured to fight recklessly!
You are too injured to fight recklessly!
You are too injured to fight recklessly!
You are too injured to fight recklessly!
You are too injured to fight recklessly!
You are too injured to fight recklessly!
You are too injured to fight recklessly!
You are too injured to fight recklessly!
You are too injured to fight recklessly!
You are too injured to fight recklessly!
You are too injured to fight recklessly!
You are too injured to fight recklessly!
You are too injured to fight recklessly!
You are too injured to fight recklessly!
You are too injured to fight recklessly!
You see here a +0 cloak.
You scratch the ball python.
The ball python is moderately wounded.
The ball python closely misses you. x2; The ball python bites you.
The ball python barely misses you.
You scratch the ball python.
You kill the ball python!
You scratch the goblin but do no damage.
The goblin misses you.
You scratch the goblin.
The goblin is moderately wounded.
The goblin hits you but does no damage.
You barely miss the goblin. The goblin closely misses you.
You scratch the goblin.
The goblin is severely wounded.
The goblin hits you with a +0 dagger.
You die...

### ..# #####
####+###.# #...#
.........# #...#
.........#########...#
[........[gg@....'.).#
######'###########...#
#. #...# #. #.### #.
#.### .. +#+###...# ..
........>.# ##
#.#######.##
.#######..#


You could see a hobgoblin and a goblin.

Vanquished Creatures
  A goblin (D:1)
  2 ball pythons (D:1)
3 creatures vanquished.

Notes
Turn   | Place    | Note
-------+----------+-------------------------------------------
     0 | D:1      | Descartes the Felid Wanderer began the quest for the Orb.
     0 | D:1      | Descartes set off with the following items: a potion of
                  | berserk rage, a scroll of fear, 2 potions of lignification
     0 | D:1      | Reached XP level 1. HP: 9/9 MP: 3/3
   170 | D:1      | Slain by a goblin

Illustrated notes

Levels and vault maps discovered:
D:1:      saegor_arrival_under_anarchy, layout_basic,
          shapermc_ecumenical_altar_mp_ritualfount,
          hangedman_abyss_or_decor_lesser_grid, st_stairs_13,
          kennysheep_pointless_box

Action                   || total
-------------------------++-------
Melee: Unarmed           ||    14
 Stab: Sleeping          ||     1
Armor: Skin              ||     2
Dodge: Dodged            ||     7
